Staline vs Atomiques (R1)

Created - November 27, 2018 at 19:52

Goals
1 2 3 T
Staline 0 1 1 2
Atomiques 2 3 1 6
Shots
1 2 3 T
Staline 7 14 8 29
Atomiques 17 9 15 41

1st period

1. Atomiques , Corey Tropp 4 (Jacob De La Rose 3, Dalton Smith 2) at 16:36
2. Atomiques , Rickard Rakell 7 (Rasmus Ristolainen 19) at 18:08 (PP)

Penalties :
Marek Zagrapan (StJ) for Hooking (Minor) at 5:14, Cameron Gaunce (StJ) for Boarding (Minor) at 18:04

2nd period

3. Atomiques , Davis Drewiske 2 (Ryan Shannon 15, Colby Cohen 5) at 2:24
4. Staline , Marek Zagrapan 2 (Danny Kristo 6, Jiri Sekac 8) at 4:18
5. Atomiques , Brock McGinn 4 (Eric Mestery 4, Jake Allen) at 8:44
6. Atomiques , Matt Tennyson 3 (Dwight King 9, Ryan Shannon 16) at 15:15

Penalties :
Lars Eller (StJ) for Tripping (Minor) at 0:21, Brock McGinn (STB) for Tripping (Minor) at 5:55

3rd period

7. Atomiques , Jacob De La Rose 3 (Corey Tropp 4, Dwight King 10) at 16:47
8. Staline , Nick Spaling 11 (Lars Eller 21, Tyler Pitlick 13) at 18:28 (PP)

Penalties :
Viktor Loov (StJ) for Interference (Minor) at 3:02, Dalton Smith (STB) for Holding (Minor) at 5:34, Brock McGinn (STB) for Holding (Minor) at 12:02, Bobby Farnham (STB) for Roughing (Minor) at 18:18

Goalie Stats

Joni Ortio (StJ), 15 saves from 19 shots - (0.789), L, 8-2-1, 28:44 minutes
Andrew Hammond (StJ), 20 saves from 22 shots - (0.909), 31:16 minutes
Jake Allen (STB), 27 saves from 29 shots - (0.931), W, 4-6-5, 60:00 minutes

Players Stats for Staline

Player Name              G  A  P  +/- PIM S  H  SB GA TA FO     MP     PP MP  PK MP  
------------------------------------------------------------------------------------
Alex Petrovic            0  0  0  -1  0   3  0  1  0  1  0/0    29:19   3:11   4:20 
Andrey Pedan             0  0  0  -1  0   0  1  0  0  0  0/0    10:28   0:00   0:00 
Barclay Goodrow          0  0  0  -1  0   0  1  0  0  0  0/0     7:20   0:00   0:00 
Bryan Bickell            0  0  0   0  0   0  1  0  0  0  0/2    16:10   2:42   0:23 
Cameron Gaunce           0  0  0  -1  2   2  1  4  0  2  0/0    29:14   3:11   4:16 
Charles Hudon            0  0  0  -1  0   2  0  0  0  0  0/0     7:20   0:00   0:00 
Corey Trivino            0  0  0   0  0   2  1  0  0  0  8/16   19:45   2:42   3:48 
Danny Kristo             0  1  1  -1  0   4  1  0  0  0  0/0    11:48   0:00   0:53 
Jiri Sekac               0  1  1  -1  0   1  0  0  0  0  0/0    10:45   0:00   0:00 
Jordan Szwarz            0  0  0   0  0   3  1  0  1  1  1/1    15:47   2:42   0:00 
Lars Eller               0  1  1  -2  2   0  2  1  3  1  19/34  20:55   3:25   0:59 
Marek Zagrapan           1  0  1  -1  2   2  2  0  0  0  4/7    10:54   0:00   0:00 
Mike Reilly              0  0  0  -2  0   0  1  1  1  0  0/0    16:01   2:56   1:41 
Nick Spaling             1  0  1  -1  0   5  1  2  1  0  3/3    23:42   3:25   3:56 
Peter Holland            0  0  0  -2  0   2  2  0  1  0  2/3     7:50   0:00   0:26 
Philip Larsen            0  0  0  -1  0   1  0  1  0  0  0/0    14:57   0:00   0:06 
Tyler Pitlick            0  1  1  -2  0   1  0  1  0  0  0/1    21:34   3:25   1:37 
Viktor Loov              0  0  0  -2  2   1  1  1  0  0  0/0    20:06   2:56   1:39 

Players Stats for Atomiques

Player Name              G  A  P  +/- PIM S  H  SB GA TA FO     MP     PP MP  PK MP  
------------------------------------------------------------------------------------
Bobby Farnham            0  0  0   0  2   3  1  0  0  0  0/0     8:45   0:04   0:00 
Brock McGinn             1  0  1   0  4   6  2  1  0  0  0/1    19:43   3:28   0:00 
Colby Cohen              0  1  1   1  0   1  1  1  0  1  0/0    13:44   2:23   0:00 
Corey Tropp              1  1  2   3  0   4  2  1  0  0  1/1    10:06   0:04   0:00 
Dalton Smith             0  1  1   2  2   1  0  0  0  0  0/0    10:42   0:00   0:29 
Davis Drewiske           1  0  1   2  0   3  1  2  0  3  0/0    20:31   0:38   3:40 
Dwight King              0  2  2   2  0   0  3  0  0  0  1/1    16:50   2:29   1:42 
Eric Mestery             0  1  1   0  0   0  2  0  0  0  0/0    16:50   2:19   2:27 
Jack Skille              0  0  0   0  0   3  0  3  0  2  0/0    23:11   3:28   3:26 
Jacob De La Rose         1  1  2   2  0   1  0  0  0  0  3/8    11:40   0:00   1:42 
Joseph Cramarossa        0  0  0  -1  0   0  4  0  0  0  0/0     9:53   0:00   0:59 
Lucas Wallmark           0  0  0  -1  0   0  0  0  0  0  0/2     8:38   0:00   0:00 
Matt Tennyson            1  0  1   3  0   2  2  1  0  0  0/0    27:21   3:42   3:40 
Rasmus Ristolainen       0  1  1   2  0   6  1  2  1  0  0/0    25:53   3:04   2:27 
Rickard Rakell           1  0  1   0  0   4  3  0  0  1  14/32  20:25   3:28   0:30 
Ryan Shannon             0  2  2   2  0   4  0  0  3  0  1/1    15:08   2:29   0:00 
Tyler Brenner            0  0  0   2  0   2  0  1  1  0  10/21  18:40   2:29   3:26 
Wiley Sherman            0  0  0   1  0   1  0  1  0  0  0/0    15:49   0:00   0:00 

3 Stars

1 - Corey Tropp (STB)
2 - Matt Tennyson (STB)
3 - Jacob De La Rose (STB)

Power Play

Staline - 1 on 4 Attempt(s) - 25.00%
Atomiques - 1 on 4 Attempt(s) - 25.00%

Penalty Kill

Staline - 3 on 4 Attempt(s) - 75.00% - Score 0 goal in Penalty Kill
Atomiques - 3 on 4 Attempt(s) - 75.00% - Score 0 goal in Penalty Kill

Team Stat

Staline - Hits : 16 - Faceoff Wins : 37 - Blocked Shots : 12 - Penalty Minutes : 8
Atomiques - Hits : 22 - Faceoff Wins : 30 - Blocked Shots : 13 - Penalty Minutes : 8

Official

Referees : Unknown
Linesman : Unknown

Game Notes

Andrew Hammond enters game at 8:44 of 2nd period

Finance

Level 1 -- Attendance: 1326 (66.30%) -- Ticket Income $53,040
Level 2 -- Attendance: 714 (71.40%) -- Ticket Income $14,280
Total Attendance: 2040 (68.00%)
Total Ticket Income: $67,320
Other Income: $3,366
Total Income: $70,686

Staline

5 vs 5 Forward 
   Center                   Left Wing                Right Wing               Time % Phy DF OF 
 1 Lars Eller               Nick Spaling             Tyler Pitlick            40     0   2  3  
 2 Corey Trivino            Bryan Bickell            Jordan Szwarz            30     0   2  3  
 3 Marek Zagrapan           Jiri Sekac               Danny Kristo             20     0   2  3  
 4 Peter Holland            Charles Hudon            Barclay Goodrow          10     1   3  1  

5 vs 5 Defense 
   Defense                  Defense                                           Time % Phy DF OF 
 1 Cameron Gaunce           Alex Petrovic                                     40     0   3  2  
 2 Viktor Loov              Philip Larsen                                     30     0   3  2  
 3 Andrey Pedan             Mike Reilly                                       20     0   3  2  
 4 Cameron Gaunce           Alex Petrovic                                     10     0   3  2  

PowerPlay Forward 
   Center                   Left Wing                Right Wing               Time % Phy DF OF 
 1 Lars Eller               Nick Spaling             Tyler Pitlick            60     0   1  4  
 2 Corey Trivino            Bryan Bickell            Jordan Szwarz            40     0   1  4  

PowerPlay Defense
   Defense                  Defense                                           Time % Phy DF OF 
 1 Cameron Gaunce           Alex Petrovic                                     60     0   1  4  
 2 Viktor Loov              Mike Reilly                                       40     0   1  4  

Penalty Kill 4 Players Forward 
   Center                   Wing                     Time % Phy DF OF 
 1 Corey Trivino            Nick Spaling             60     1   3  1  
 2 Lars Eller               Tyler Pitlick            40     1   3  1  

Penalty Kill 4 Players Defense
   Defense                  Defense                  Time % Phy DF OF 
 1 Cameron Gaunce           Alex Petrovic            60     1   3  1  
 2 Viktor Loov              Mike Reilly              40     1   3  1  

Penalty Kill - 3 Players Forward 
   Forward                                           Time % Phy DF OF 
 1 Peter Holland                                     60     0   5  0  
 2 Lars Eller                                        40     0   5  0  

Penalty Kill - 3 Players Defense
   Defense                  Defense                  Time % Phy DF OF 
 1 Cameron Gaunce           Alex Petrovic            60     0   5  0  
 2 Viktor Loov              Mike Reilly              40     0   5  0  

4 vs 4 Forward 
   Center                   Wing                     Time % Phy DF OF 
 1 Marek Zagrapan           Jordan Szwarz            60     0   2  3  
 2 Lars Eller               Tyler Pitlick            40     0   2  3  

4 vs 4 Defense
   Defense                  Defense                  Time % Phy DF OF 
 1 Cameron Gaunce           Alex Petrovic            60     0   2  3  
 2 Viktor Loov              Mike Reilly              40     0   2  3  

Last Minutes Offensive
   Center                   Left Wing                Right Wing               Defense                  Defense                  
   Lars Eller               Nick Spaling             Tyler Pitlick            Cameron Gaunce           Alex Petrovic            

Last Minutes Defensive
   Center                   Left Wing                Right Wing               Defense                  Defense                  
   Lars Eller               Nick Spaling             Jordan Szwarz            Cameron Gaunce           Alex Petrovic            

Goaltenders
Starting : Joni Ortio               
Backup : Andrew Hammond           

Extra Forwards
Normal : Jordan Szwarz, Marek Zagrapan, Danny Kristo - PP : Jordan Szwarz, Marek Zagrapan - PK : Danny Kristo
Extra Defensemen
Normal : Andrey Pedan, Philip Larsen, Viktor Loov - PP : Andrey Pedan - PK : Philip Larsen, Viktor Loov
Penalty Shots
Nick Spaling, Jordan Szwarz, Lars Eller, Tyler Pitlick, Danny Kristo

Scratches
Tyler Lewington (Healthy), Tobias Lindberg (Healthy), Nikita Nesterov (Healthy), Sergey Tolchinsky (Healthy), David Musil (Healthy)
Darcy Kuemper (Healthy)

Atomiques

5 vs 5 Forward 
   Center                   Left Wing                Right Wing               Time % Phy DF OF 
 1 Rickard Rakell           Brock McGinn             Jack Skille              40     1   2  2  
 2 Tyler Brenner            Dwight King              Ryan Shannon             30     1   2  2  
 3 Jacob De La Rose         Dalton Smith             Corey Tropp              20     1   2  2  
 4 Lucas Wallmark           Joseph Cramarossa        Bobby Farnham            10     1   2  2  

5 vs 5 Defense 
   Defense                  Defense                                           Time % Phy DF OF 
 1 Matt Tennyson            Rasmus Ristolainen                                40     1   2  2  
 2 Davis Drewiske           Wiley Sherman                                     30     1   2  2  
 3 Colby Cohen              Eric Mestery                                      20     1   2  2  
 4 Matt Tennyson            Rasmus Ristolainen                                10     1   2  2  

PowerPlay Forward 
   Center                   Left Wing                Right Wing               Time % Phy DF OF 
 1 Rickard Rakell           Brock McGinn             Jack Skille              60     1   2  2  
 2 Tyler Brenner            Dwight King              Ryan Shannon             40     1   2  2  

PowerPlay Defense
   Defense                  Defense                                           Time % Phy DF OF 
 1 Matt Tennyson            Rasmus Ristolainen                                60     1   2  2  
 2 Rasmus Ristolainen       Eric Mestery                                      40     1   2  2  

Penalty Kill 4 Players Forward 
   Center                   Wing                     Time % Phy DF OF 
 1 Tyler Brenner            Jack Skille              60     1   2  2  
 2 Jacob De La Rose         Dwight King              40     1   2  2  

Penalty Kill 4 Players Defense
   Defense                  Defense                  Time % Phy DF OF 
 1 Matt Tennyson            Davis Drewiske           60     1   2  2  
 2 Rasmus Ristolainen       Eric Mestery             40     1   2  2  

Penalty Kill - 3 Players Forward 
   Forward                                           Time % Phy DF OF 
 1 Dwight King                                       60     1   2  2  
 2 Jack Skille                                       40     1   2  2  

Penalty Kill - 3 Players Defense
   Defense                  Defense                  Time % Phy DF OF 
 1 Matt Tennyson            Davis Drewiske           60     1   2  2  
 2 Rasmus Ristolainen       Eric Mestery             40     1   2  2  

4 vs 4 Forward 
   Center                   Wing                     Time % Phy DF OF 
 1 Rickard Rakell           Brock McGinn             60     1   2  2  
 2 Tyler Brenner            Ryan Shannon             40     1   2  2  

4 vs 4 Defense
   Defense                  Defense                  Time % Phy DF OF 
 1 Matt Tennyson            Rasmus Ristolainen       60     1   2  2  
 2 Wiley Sherman            Eric Mestery             40     1   2  2  

Last Minutes Offensive
   Center                   Left Wing                Right Wing               Defense                  Defense                  
   Tyler Brenner            Dwight King              Jack Skille              Rasmus Ristolainen       Davis Drewiske           

Last Minutes Defensive
   Center                   Left Wing                Right Wing               Defense                  Defense                  
   Tyler Brenner            Dwight King              Jack Skille              Matt Tennyson            Davis Drewiske           

Goaltenders
Starting : Jake Allen               
Backup : Jeff Frazee              

Extra Forwards
Normal : Corey Tropp, Bobby Farnham, Dalton Smith - PP : Corey Tropp, Bobby Farnham - PK : Dalton Smith
Extra Defensemen
Normal : Colby Cohen, Wiley Sherman, Rasmus Ristolainen - PP : Colby Cohen - PK : Wiley Sherman, Rasmus Ristolainen
Penalty Shots
Dwight King, Jack Skille, Ryan Shannon, Tyler Brenner, Corey Tropp

Scratches
Mike Halmo (Healthy), Max McCormick (Healthy), Mitch Callahan (Healthy), John Draeger (Healthy), Carl Dahlstrom (Healthy)
Eric Gustafsson (Healthy), Anthony Nigro (Suspend), Francois Tremblay (Healthy)

% Time on Ice - Staline

Lines # - Real PCT - Wanted PCT - Time Play
Normal Forward
1 - 35% - 40% - 16:31
2 - 28% - 30% - 13:16
3 - 22% - 20% - 10:45
4 - 15% - 10% - 7:20
Normal Defense
1 - 42% - 40% - 19:55
2 - 33% - 30% - 15:36
3 - 22% - 20% - 10:28
4 - 4% - 10% - 1:53
PP Forward
1 - 56% - 60% - 3:25
2 - 44% - 40% - 2:42
PP Defense
1 - 52% - 60% - 3:11
2 - 48% - 40% - 2:56
PK Forward
1 - 73% - 60% - 4:24
2 - 27% - 40% - 1:37
PK Defense
1 - 72% - 60% - 4:20
2 - 28% - 40% - 1:41
PK3 Forward
1 - 0% - 60%
2 - 0% - 40%
PK3 Defense
1 - 0% - 60%
2 - 0% - 40%
44 Forward
1 - 0% - 60%
2 - 0% - 40%
44 Defense
1 - 0% - 60%
2 - 0% - 40%
Last Minute Offensive  - 0:00
Last Minute Defensive  - 0:00
Total
Forward - 60:00
Defense - 60:00

% Time on Ice - Atomiques

Lines # - Real PCT - Wanted PCT - Time Play
Normal Forward
1 - 35% - 40% - 16:37
2 - 26% - 30% - 12:39
3 - 21% - 20% - 9:58
4 - 18% - 10% - 8:38
Normal Defense
1 - 39% - 40% - 18:49
2 - 35% - 30% - 16:47
3 - 23% - 20% - 11:06
4 - 2% - 10% - 1:10
PP Forward
1 - 59% - 60% - 3:32
2 - 41% - 40% - 2:29
PP Defense
1 - 61% - 60% - 3:42
2 - 39% - 40% - 2:19
PK Forward
1 - 72% - 60% - 4:25
2 - 28% - 40% - 1:42
PK Defense
1 - 60% - 60% - 3:40
2 - 40% - 40% - 2:27
PK3 Forward
1 - 0% - 60%
2 - 0% - 40%
PK3 Defense
1 - 0% - 60%
2 - 0% - 40%
44 Forward
1 - 0% - 60%
2 - 0% - 40%
44 Defense
1 - 0% - 60%
2 - 0% - 40%
Last Minute Offensive  - 0:00
Last Minute Defensive  - 0:00
Total
Forward - 60:00
Defense - 60:00

Play by Play

1st period


0:01 of 1st period - Rickard Rakell wins face-off versus Lars Eller in neutral zone.
0:39 of 1st period - Icing by Alex Petrovic.
0:40 of 1st period - Jacob De La Rose wins face-off versus Bryan Bickell in Staline zone.
1:26 of 1st period - Rickard Rakell is hit by Lars Eller and loses puck.
2:14 of 1st period - Rasmus Ristolainen is hit by Viktor Loov and loses puck.
2:46 of 1st period - Snap shot by Rasmus Ristolainen.
2:46 of 1st period - Shot Blocked by Mike Reilly.
2:48 of 1st period - Snap shot by Brock McGinn.
2:48 of 1st period - Shot Blocked by Tyler Pitlick.
3:12 of 1st period - Tyler Brenner is hit by Peter Holland and loses puck.
3:37 of 1st period - Corey Tropp is hit by Marek Zagrapan and loses puck.
5:00 of 1st period - Slapshot by Corey Tropp.
5:00 of 1st period - Shot Misses the Net.
5:02 of 1st period - Wrist shot by Dalton Smith.
5:02 of 1st period - Shot Blocked by Philip Larsen.
5:08 of 1st period - Slapshot by Corey Tropp.
5:08 of 1st period - Shot Misses the Net.
5:14 of 1st period - Minor Penalty to Marek Zagrapan for Hooking.
5:15 of 1st period - Corey Trivino wins face-off versus Rickard Rakell in Staline zone.
5:48 of 1st period - Slapshot by Tyler Brenner.
5:48 of 1st period - Deflect By Dwight King.
5:48 of 1st period - Shot Blocked by Cameron Gaunce.
5:48 of 1st period - Puck is out of play.
5:49 of 1st period - Lars Eller wins face-off versus Tyler Brenner in Staline zone.
7:14 of 1st period - Penalty to Marek Zagrapan is over, Marek Zagrapan is back on ice.
7:50 of 1st period - Slapshot by Davis Drewiske.
7:50 of 1st period - Stopped by Joni Ortio without a rebound.
7:51 of 1st period - Marek Zagrapan wins face-off versus Lucas Wallmark in Staline zone.
9:21 of 1st period - Off-side.
9:22 of 1st period - Lars Eller wins face-off versus Tyler Brenner in neutral zone.
9:27 of 1st period - Slapshot by Tyler Pitlick.
9:27 of 1st period - Shot Misses the Net.
9:29 of 1st period - Wrist shot by Tyler Pitlick.
9:29 of 1st period - Shot Hit the Post.
9:35 of 1st period - Wrist shot by Tyler Pitlick.
9:35 of 1st period - Shot Misses the Net.
9:37 of 1st period - Wrist shot by Tyler Pitlick.
9:37 of 1st period - Deflect By Nick Spaling.
9:37 of 1st period - Shot Blocked by Tyler Brenner.
9:37 of 1st period - Puck is out of play.
9:38 of 1st period - Corey Trivino wins face-off versus Rickard Rakell in Atomiques zone.
9:39 of 1st period - Snap shot by Jordan Szwarz.
9:39 of 1st period - Stopped by Jake Allen with a rebound.
10:07 of 1st period - Wrist shot by Corey Tropp.
10:07 of 1st period - Stopped by Joni Ortio without a rebound.
10:08 of 1st period - Lars Eller wins face-off versus Jacob De La Rose in Staline zone.
10:08 of 1st period - Lars Eller is hit by Eric Mestery.
10:28 of 1st period - Snap shot by Corey Tropp.
10:28 of 1st period - Deflect By Philip Larsen.
10:28 of 1st period - Stopped by Joni Ortio without a rebound.
10:29 of 1st period - Peter Holland wins face-off versus Rickard Rakell in Staline zone.
10:38 of 1st period - Wrist shot by Peter Holland.
10:38 of 1st period - Shot Blocked by Brock McGinn.
10:56 of 1st period - Lars Eller is hit by Dwight King and loses puck.
11:01 of 1st period - Slapshot by Ryan Shannon.
11:01 of 1st period - Stopped by Joni Ortio without a rebound.
11:02 of 1st period - Lars Eller wins face-off versus Rickard Rakell in Staline zone.
11:17 of 1st period - Icing by Rickard Rakell.
11:18 of 1st period - Corey Trivino wins face-off versus Brock McGinn in Atomiques zone.
11:35 of 1st period - Slapshot by Brock McGinn.
11:35 of 1st period - Shot Misses the Net.
11:37 of 1st period - Snap shot by Colby Cohen.
11:37 of 1st period - Stopped by Joni Ortio without a rebound.
11:38 of 1st period - Tyler Brenner wins face-off versus Lars Eller in Staline zone.
12:03 of 1st period - Rickard Rakell is hit by Jordan Szwarz and loses puck.
12:36 of 1st period - Snap shot by Bobby Farnham.
12:36 of 1st period - Stopped by Joni Ortio without a rebound.
12:37 of 1st period - Nick Spaling wins face-off versus Rickard Rakell in Staline zone.
12:59 of 1st period - Icing by Alex Petrovic.
13:00 of 1st period - Tyler Brenner wins face-off versus Corey Trivino in Staline zone.
13:07 of 1st period - Snap shot by Ryan Shannon.
13:07 of 1st period - Deflect By Corey Trivino.
13:07 of 1st period - Shot Misses the Net.
13:07 of 1st period - Puck is out of play.
13:08 of 1st period - Lars Eller wins face-off versus Rickard Rakell in Staline zone.
14:35 of 1st period - Nick Spaling is hit by Brock McGinn.
14:41 of 1st period - Wrist shot by Nick Spaling.
14:41 of 1st period - Stopped by Jake Allen with a rebound.
14:49 of 1st period - Nick Spaling is hit by Brock McGinn.
15:09 of 1st period - Snap shot by Corey Trivino.
15:09 of 1st period - Deflect By Bryan Bickell.
15:09 of 1st period - Shot Blocked by Davis Drewiske.
15:09 of 1st period - Puck is out of play.
15:10 of 1st period - Corey Tropp wins face-off versus Marek Zagrapan in Atomiques zone.
15:21 of 1st period - Slapshot by Rasmus Ristolainen.
15:21 of 1st period - Deflect By Corey Tropp.
15:21 of 1st period - Shot Blocked by Alex Petrovic.
15:21 of 1st period - Puck is out of play.
15:22 of 1st period - Lars Eller wins face-off versus Rickard Rakell in Staline zone.
15:22 of 1st period - Lars Eller is hit by Rickard Rakell.
15:36 of 1st period - Snap shot by Nick Spaling.
15:36 of 1st period - Shot Blocked by Jack Skille.
15:38 of 1st period - Slapshot by Alex Petrovic.
15:38 of 1st period - Stopped by Jake Allen without a rebound.
15:39 of 1st period - Tyler Brenner wins face-off versus Bryan Bickell in Atomiques zone.
15:46 of 1st period - Dwight King is hit by Bryan Bickell and loses puck.
16:05 of 1st period - Rickard Rakell is hit by Nick Spaling and loses puck.
16:32 of 1st period - Snap shot by Dalton Smith.
16:32 of 1st period - Stopped by Joni Ortio with a rebound.
16:34 of 1st period - Wrist shot by Corey Tropp.
16:34 of 1st period - Shot Misses the Net.
16:36 of 1st period - Wrist shot by Jacob De La Rose.
16:36 of 1st period - Deflect By Corey Tropp.
16:36 of 1st period - Goal by Corey Tropp - Staline : 0 - Atomiques : 1.
16:37 of 1st period - Rickard Rakell wins face-off versus Lars Eller in neutral zone.
16:40 of 1st period - Wrist shot by Jack Skille.
16:40 of 1st period - Shot Misses the Net.
16:42 of 1st period - Slapshot by Matt Tennyson.
16:42 of 1st period - Stopped by Joni Ortio with a rebound.
16:44 of 1st period - Snap shot by Brock McGinn.
16:44 of 1st period - Stopped by Joni Ortio without a rebound.
16:45 of 1st period - Rickard Rakell wins face-off versus Lars Eller in Staline zone.
16:50 of 1st period - Snap shot by Brock McGinn.
16:50 of 1st period - Shot Hit the Post.
16:52 of 1st period - Slapshot by Matt Tennyson.
16:52 of 1st period - Shot Blocked by Cameron Gaunce.
16:56 of 1st period - Slapshot by Rasmus Ristolainen.
16:56 of 1st period - Deflect By Brock McGinn.
16:56 of 1st period - Shot Blocked by Nick Spaling.
16:56 of 1st period - Puck is out of play.
16:57 of 1st period - Lars Eller wins face-off versus Rickard Rakell in Staline zone.
17:04 of 1st period - Slapshot by Rickard Rakell.
17:04 of 1st period - Stopped by Joni Ortio with a rebound.
17:06 of 1st period - Slapshot by Rasmus Ristolainen.
17:06 of 1st period - Stopped by Joni Ortio without a rebound.
17:07 of 1st period - Lars Eller wins face-off versus Rickard Rakell in Staline zone.
17:36 of 1st period - Snap shot by Nick Spaling.
17:36 of 1st period - Stopped by Jake Allen without a rebound.
17:37 of 1st period - Dwight King wins face-off versus Corey Trivino in Atomiques zone.
17:44 of 1st period - Snap shot by Ryan Shannon.
17:44 of 1st period - Stopped by Joni Ortio with a rebound.
17:46 of 1st period - Slapshot by Wiley Sherman.
17:46 of 1st period - Stopped by Joni Ortio with a rebound.
17:48 of 1st period - Snap shot by Tyler Brenner.
17:48 of 1st period - Shot Hit the Post.
17:50 of 1st period - Wrist shot by Tyler Brenner.
17:50 of 1st period - Shot Blocked by Viktor Loov.
17:52 of 1st period - Snap shot by Tyler Brenner.
17:52 of 1st period - Stopped by Joni Ortio without a rebound.
17:53 of 1st period - Rickard Rakell wins face-off versus Lars Eller in Staline zone.
18:02 of 1st period - Slapshot by Rasmus Ristolainen.
18:02 of 1st period - Stopped by Joni Ortio with a rebound.
18:04 of 1st period - Minor Penalty to Cameron Gaunce for Boarding.
18:05 of 1st period - Rickard Rakell wins face-off versus Corey Trivino in Staline zone.
18:06 of 1st period - Slapshot by Rasmus Ristolainen.
18:06 of 1st period - Shot Misses the Net.
18:08 of 1st period - Wrist shot by Rickard Rakell.
18:08 of 1st period - Goal by Rickard Rakell - Staline : 0 - Atomiques : 2.
18:09 of 1st period - Tyler Brenner wins face-off versus Lars Eller in neutral zone.
18:34 of 1st period - Brock McGinn is hit by Corey Trivino and loses puck.
19:21 of 1st period - Icing by Mike Reilly.
19:22 of 1st period - Tyler Brenner wins face-off versus Peter Holland in Staline zone.
19:41 of 1st period - Slapshot by Peter Holland.
19:41 of 1st period - Deflect By Charles Hudon.
19:41 of 1st period - Stopped by Jake Allen with a rebound.
19:45 of 1st period - Backhand shot by Peter Holland.
19:45 of 1st period - Stopped by Jake Allen with a rebound.
19:47 of 1st period - Slapshot by Mike Reilly.
19:47 of 1st period - Shot Blocked by Jack Skille.
19:49 of 1st period - Snap shot by Charles Hudon.
19:49 of 1st period - Stopped by Jake Allen with a rebound.
Goals for this period are 0 for Staline vs 2 for Atomiques.
Shots for this period are 7 for Staline vs 17 for Atomiques.

2nd period


0:01 of 2nd period - Lars Eller wins face-off versus Tyler Brenner in neutral zone.
0:10 of 2nd period - Slapshot by Tyler Pitlick.
0:10 of 2nd period - Stopped by Jake Allen without a rebound.
0:11 of 2nd period - Lars Eller wins face-off versus Tyler Brenner in Atomiques zone.
0:21 of 2nd period - Minor Penalty to Lars Eller for Tripping.
0:22 of 2nd period - Corey Trivino wins face-off versus Rickard Rakell in Staline zone.
2:03 of 2nd period - Colby Cohen is hit by Peter Holland and loses puck.
2:21 of 2nd period - Penalty to Lars Eller is over, Lars Eller is back on ice.
2:22 of 2nd period - Backhand shot by Davis Drewiske.
2:22 of 2nd period - Shot Misses the Net.
2:24 of 2nd period - Wrist shot by Davis Drewiske.
2:24 of 2nd period - Goal by Davis Drewiske - Staline : 0 - Atomiques : 3.
2:25 of 2nd period - Lars Eller wins face-off versus Jacob De La Rose in neutral zone.
2:28 of 2nd period - Slapshot by Cameron Gaunce.
2:28 of 2nd period - Shot Misses the Net.
2:30 of 2nd period - Slapshot by Nick Spaling.
2:30 of 2nd period - Stopped by Jake Allen without a rebound.
2:31 of 2nd period - Lars Eller wins face-off versus Jacob De La Rose in Atomiques zone.
2:32 of 2nd period - Snap shot by Tyler Pitlick.
2:32 of 2nd period - Shot Misses the Net.
2:34 of 2nd period - Snap shot by Tyler Pitlick.
2:34 of 2nd period - Shot Blocked by Davis Drewiske.
3:54 of 2nd period - Snap shot by Marek Zagrapan.
3:54 of 2nd period - Stopped by Jake Allen with a rebound.
3:56 of 2nd period - Wrist shot by Alex Petrovic.
3:56 of 2nd period - Deflect By Danny Kristo.
3:56 of 2nd period - Stopped by Jake Allen with a rebound.
3:58 of 2nd period - Snap shot by Alex Petrovic.
3:58 of 2nd period - Stopped by Jake Allen with a rebound.
4:00 of 2nd period - Slapshot by Cameron Gaunce.
4:00 of 2nd period - Stopped by Jake Allen with a rebound.
4:10 of 2nd period - Slapshot by Danny Kristo.
4:10 of 2nd period - Shot Blocked by Colby Cohen.
4:12 of 2nd period - Wrist shot by Jiri Sekac.
4:12 of 2nd period - Stopped by Jake Allen with a rebound.
4:16 of 2nd period - Snap shot by Danny Kristo.
4:16 of 2nd period - Stopped by Jake Allen with a rebound.
4:18 of 2nd period - Slapshot by Marek Zagrapan.
4:18 of 2nd period - Goal by Marek Zagrapan - Staline : 1 - Atomiques : 3.
4:19 of 2nd period - Rickard Rakell wins face-off versus Lars Eller in neutral zone.
4:49 of 2nd period - Lars Eller is hit by Corey Tropp and loses puck.
5:12 of 2nd period - Wrist shot by Bryan Bickell.
5:12 of 2nd period - Shot Misses the Net.
5:36 of 2nd period - Wrist shot by Philip Larsen.
5:36 of 2nd period - Stopped by Jake Allen without a rebound.
5:37 of 2nd period - Corey Trivino wins face-off versus Rickard Rakell in Atomiques zone.
5:48 of 2nd period - Wrist shot by Jordan Szwarz.
5:48 of 2nd period - Shot Misses the Net.
5:55 of 2nd period - Minor Penalty to Brock McGinn for Tripping.
5:56 of 2nd period - Tyler Brenner wins face-off versus Lars Eller in Atomiques zone.
7:02 of 2nd period - Davis Drewiske is hit by Lars Eller.
7:42 of 2nd period - Tyler Pitlick is hit by Matt Tennyson and loses puck.
7:55 of 2nd period - Penalty to Brock McGinn is over, Brock McGinn is back on ice.
8:44 of 2nd period - Wrist shot by Brock McGinn.
8:44 of 2nd period - Goal by Brock McGinn - Staline : 1 - Atomiques : 4.
8:44 of 2nd period - Andrew Hammond enters game.
8:45 of 2nd period - Tyler Brenner wins face-off versus Lars Eller in neutral zone.
8:52 of 2nd period - Backhand shot by Ryan Shannon.
8:52 of 2nd period - Shot Misses the Net.
8:54 of 2nd period - Snap shot by Ryan Shannon.
8:54 of 2nd period - Stopped by Andrew Hammond with a rebound.
9:21 of 2nd period - Cameron Gaunce is hit by Rickard Rakell and loses puck.
9:38 of 2nd period - Marek Zagrapan is hit by Davis Drewiske and loses puck.
9:59 of 2nd period - Slapshot by Davis Drewiske.
9:59 of 2nd period - Shot Blocked by Nick Spaling.
10:13 of 2nd period - Wiley Sherman is hit by Barclay Goodrow and loses puck.
11:19 of 2nd period - Wrist shot by Dwight King.
11:19 of 2nd period - Shot Blocked by Lars Eller.
11:29 of 2nd period - Rasmus Ristolainen is hit by Andrey Pedan and loses puck.
11:38 of 2nd period - Wrist shot by Peter Holland.
11:38 of 2nd period - Stopped by Jake Allen with a rebound.
11:40 of 2nd period - Slapshot by Alex Petrovic.
11:40 of 2nd period - Stopped by Jake Allen with a rebound.
11:50 of 2nd period - Jordan Szwarz is hit by Corey Tropp and loses puck.
12:24 of 2nd period - Mike Reilly is hit by Joseph Cramarossa and loses puck.
12:50 of 2nd period - Eric Mestery is hit by Danny Kristo and loses puck.
13:01 of 2nd period - Alex Petrovic is hit by Colby Cohen and loses puck.
14:59 of 2nd period - Snap shot by Brock McGinn.
14:59 of 2nd period - Stopped by Andrew Hammond with a rebound.
15:01 of 2nd period - Snap shot by Brock McGinn.
15:01 of 2nd period - Stopped by Andrew Hammond without a rebound.
15:02 of 2nd period - Tyler Brenner wins face-off versus Lars Eller in Staline zone.
15:13 of 2nd period - Snap shot by Dwight King.
15:13 of 2nd period - Shot Misses the Net.
15:15 of 2nd period - Slapshot by Matt Tennyson.
15:15 of 2nd period - Goal by Matt Tennyson - Staline : 1 - Atomiques : 5.
15:16 of 2nd period - Rickard Rakell wins face-off versus Lars Eller in neutral zone.
15:26 of 2nd period - Wrist shot by Jack Skille.
15:26 of 2nd period - Stopped by Andrew Hammond with a rebound.
16:01 of 2nd period - Snap shot by Danny Kristo.
16:01 of 2nd period - Stopped by Jake Allen without a rebound.
16:02 of 2nd period - Marek Zagrapan wins face-off versus Jacob De La Rose in Atomiques zone.
16:03 of 2nd period - Wrist shot by Jiri Sekac.
16:03 of 2nd period - Shot Misses the Net.
16:05 of 2nd period - Slapshot by Marek Zagrapan.
16:05 of 2nd period - Shot Blocked by Corey Tropp.
16:07 of 2nd period - Slapshot by Cameron Gaunce.
16:07 of 2nd period - Stopped by Jake Allen without a rebound.
16:08 of 2nd period - Nick Spaling wins face-off versus Rickard Rakell in Atomiques zone.
17:09 of 2nd period - Off-side.
17:10 of 2nd period - Lars Eller wins face-off versus Rickard Rakell in neutral zone.
17:45 of 2nd period - Slapshot by Rasmus Ristolainen.
17:45 of 2nd period - Stopped by Andrew Hammond with a rebound.
17:57 of 2nd period - Viktor Loov is hit by Rasmus Ristolainen and loses puck.
18:22 of 2nd period - Wrist shot by Bobby Farnham.
18:22 of 2nd period - Stopped by Andrew Hammond with a rebound.
18:24 of 2nd period - Backhand shot by Lucas Wallmark.
18:24 of 2nd period - Deflect By Joseph Cramarossa.
18:24 of 2nd period - Shot Misses the Net.
18:24 of 2nd period - Puck is out of play.
18:25 of 2nd period - Corey Trivino wins face-off versus Rickard Rakell in Staline zone.
19:02 of 2nd period - Wrist shot by Dalton Smith.
19:02 of 2nd period - Shot Misses the Net.
19:12 of 2nd period - Bryan Bickell is hit by Bobby Farnham and loses puck.
Goals for this period are 1 for Staline vs 3 for Atomiques.
Shots for this period are 14 for Staline vs 9 for Atomiques.

3rd period


0:01 of 3rd period - Rickard Rakell wins face-off versus Tyler Pitlick in neutral zone.
0:25 of 3rd period - Alex Petrovic is hit by Dwight King and loses puck.
1:23 of 3rd period - Snap shot by Peter Holland.
1:23 of 3rd period - Shot Blocked by Wiley Sherman.
2:26 of 3rd period - Icing by Andrey Pedan.
2:27 of 3rd period - Peter Holland wins face-off versus Lucas Wallmark in Staline zone.
2:27 of 3rd period - Peter Holland is hit by Joseph Cramarossa.
2:33 of 3rd period - Peter Holland is hit by Joseph Cramarossa and loses puck.
2:54 of 3rd period - Lars Eller is hit by Matt Tennyson and loses puck.
3:02 of 3rd period - Minor Penalty to Viktor Loov for Interference.
3:03 of 3rd period - Rickard Rakell wins face-off versus Corey Trivino in Staline zone.
3:09 of 3rd period - Snap shot by Jack Skille.
3:09 of 3rd period - Shot Misses the Net.
3:13 of 3rd period - Wrist shot by Jack Skille.
3:13 of 3rd period - Shot Misses the Net.
3:15 of 3rd period - Wrist shot by Jack Skille.
3:15 of 3rd period - Shot Misses the Net.
3:17 of 3rd period - Slapshot by Rasmus Ristolainen.
3:17 of 3rd period - Stopped by Andrew Hammond with a rebound.
3:19 of 3rd period - Snap shot by Jack Skille.
3:19 of 3rd period - Stopped by Andrew Hammond without a rebound.
3:20 of 3rd period - Corey Trivino wins face-off versus Tyler Brenner in Staline zone.
3:31 of 3rd period - Wrist shot by Dwight King.
3:31 of 3rd period - Shot Blocked by Cameron Gaunce.
3:33 of 3rd period - Snap shot by Rasmus Ristolainen.
3:33 of 3rd period - Deflect By Tyler Brenner.
3:33 of 3rd period - Shot Misses the Net.
3:33 of 3rd period - Puck is out of play.
3:34 of 3rd period - Nick Spaling wins face-off versus Rickard Rakell in Staline zone.
3:43 of 3rd period - Slapshot by Matt Tennyson.
3:43 of 3rd period - Deflect By Brock McGinn.
3:43 of 3rd period - Stopped by Andrew Hammond without a rebound.
3:44 of 3rd period - Rickard Rakell wins face-off versus Corey Trivino in Staline zone.
4:03 of 3rd period - Wrist shot by Rasmus Ristolainen.
4:03 of 3rd period - Stopped by Andrew Hammond without a rebound.
4:04 of 3rd period - Corey Trivino wins face-off versus Tyler Brenner in Staline zone.
5:02 of 3rd period - Penalty to Viktor Loov is over, Viktor Loov is back on ice.
5:12 of 3rd period - Slapshot by Viktor Loov.
5:12 of 3rd period - Stopped by Jake Allen without a rebound.
5:13 of 3rd period - Jacob De La Rose wins face-off versus Marek Zagrapan in Atomiques zone.
5:20 of 3rd period - Wrist shot by Danny Kristo.
5:20 of 3rd period - Stopped by Jake Allen with a rebound.
5:22 of 3rd period - Slapshot by Viktor Loov.
5:22 of 3rd period - Shot Misses the Net.
5:34 of 3rd period - Minor Penalty to Dalton Smith for Holding.
5:35 of 3rd period - Lars Eller wins face-off versus Tyler Brenner in Atomiques zone.
5:48 of 3rd period - Wrist shot by Tyler Pitlick.
5:48 of 3rd period - Shot Blocked by Jack Skille.
7:23 of 3rd period - Corey Trivino is hit by Joseph Cramarossa and loses puck.
7:32 of 3rd period - Eric Mestery is hit by Cameron Gaunce.
7:34 of 3rd period - Penalty to Dalton Smith is over, Dalton Smith is back on ice.
7:44 of 3rd period - Peter Holland is hit by Rickard Rakell and loses puck.
7:49 of 3rd period - Snap shot by Rickard Rakell.
7:49 of 3rd period - Stopped by Andrew Hammond without a rebound.
7:50 of 3rd period - Marek Zagrapan wins face-off versus Jacob De La Rose in Staline zone.
10:41 of 3rd period - Slapshot by Jiri Sekac.
10:41 of 3rd period - Shot Blocked by Rasmus Ristolainen.
10:43 of 3rd period - Slapshot by Cameron Gaunce.
10:43 of 3rd period - Shot Blocked by Rasmus Ristolainen.
11:50 of 3rd period - Snap shot by Jack Skille.
11:50 of 3rd period - Stopped by Andrew Hammond with a rebound.
12:02 of 3rd period - Minor Penalty to Brock McGinn for Holding.
12:03 of 3rd period - Lars Eller wins face-off versus Tyler Brenner in Atomiques zone.
12:04 of 3rd period - Snap shot by Tyler Pitlick.
12:04 of 3rd period - Shot Misses the Net.
12:49 of 3rd period - Slapshot by Jordan Szwarz.
12:49 of 3rd period - Stopped by Jake Allen without a rebound.
12:50 of 3rd period - Tyler Brenner wins face-off versus Corey Trivino in Atomiques zone.
13:03 of 3rd period - Slapshot by Corey Trivino.
13:03 of 3rd period - Stopped by Jake Allen without a rebound.
13:04 of 3rd period - Lars Eller wins face-off versus Tyler Brenner in Atomiques zone.
13:05 of 3rd period - Wrist shot by Nick Spaling.
13:05 of 3rd period - Shot Misses the Net.
13:07 of 3rd period - Wrist shot by Nick Spaling.
13:07 of 3rd period - Stopped by Jake Allen without a rebound.
13:08 of 3rd period - Tyler Brenner wins face-off versus Lars Eller in Atomiques zone.
13:21 of 3rd period - Eric Mestery is hit by Mike Reilly and loses puck.
14:02 of 3rd period - Penalty to Brock McGinn is over, Brock McGinn is back on ice.
14:11 of 3rd period - Backhand shot by Bobby Farnham.
14:11 of 3rd period - Stopped by Andrew Hammond with a rebound.
14:19 of 3rd period - Snap shot by Bobby Farnham.
14:19 of 3rd period - Deflect By Joseph Cramarossa.
14:19 of 3rd period - Shot Misses the Net.
14:19 of 3rd period - Puck is out of play.
14:20 of 3rd period - Marek Zagrapan wins face-off versus Rickard Rakell in Staline zone.
14:24 of 3rd period - Off-side.
14:25 of 3rd period - Rickard Rakell wins face-off versus Marek Zagrapan in neutral zone.
14:32 of 3rd period - Slapshot by Brock McGinn.
14:32 of 3rd period - Stopped by Andrew Hammond with a rebound.
15:00 of 3rd period - Wrist shot by Tyler Brenner.
15:00 of 3rd period - Deflect By Cameron Gaunce.
15:00 of 3rd period - Stopped by Andrew Hammond with a rebound.
15:12 of 3rd period - Slapshot by Davis Drewiske.
15:12 of 3rd period - Stopped by Andrew Hammond without a rebound.
15:13 of 3rd period - Jacob De La Rose wins face-off versus Corey Trivino in Staline zone.
15:16 of 3rd period - Wrist shot by Corey Tropp.
15:16 of 3rd period - Shot Misses the Net.
15:18 of 3rd period - Snap shot by Matt Tennyson.
15:18 of 3rd period - Shot Misses the Net.
15:20 of 3rd period - Slapshot by Matt Tennyson.
15:20 of 3rd period - Shot Misses the Net.
15:22 of 3rd period - Snap shot by Dalton Smith.
15:22 of 3rd period - Shot Misses the Net.
15:40 of 3rd period - Icing by Viktor Loov.
15:41 of 3rd period - Lars Eller wins face-off versus Rickard Rakell in Staline zone.
16:08 of 3rd period - Cameron Gaunce is hit by Eric Mestery and loses puck.
16:17 of 3rd period - Slapshot by Rasmus Ristolainen.
16:17 of 3rd period - Deflect By Lars Eller.
16:17 of 3rd period - Stopped by Andrew Hammond with a rebound.
16:19 of 3rd period - Slapshot by Rickard Rakell.
16:19 of 3rd period - Stopped by Andrew Hammond without a rebound.
16:20 of 3rd period - Jordan Szwarz wins face-off versus Tyler Brenner in Staline zone.
16:27 of 3rd period - Snap shot by Jordan Szwarz.
16:27 of 3rd period - Shot Misses the Net.
16:29 of 3rd period - Snap shot by Jordan Szwarz.
16:29 of 3rd period - Shot Misses the Net.
16:31 of 3rd period - Slapshot by Cameron Gaunce.
16:31 of 3rd period - Shot Blocked by Matt Tennyson.
16:33 of 3rd period - Slapshot by Jordan Szwarz.
16:33 of 3rd period - Stopped by Jake Allen with a rebound.
16:35 of 3rd period - Snap shot by Corey Trivino.
16:35 of 3rd period - Stopped by Jake Allen with a rebound.
16:45 of 3rd period - Snap shot by Corey Tropp.
16:45 of 3rd period - Stopped by Andrew Hammond with a rebound.
16:47 of 3rd period - Snap shot by Jacob De La Rose.
16:47 of 3rd period - Goal by Jacob De La Rose - Staline : 1 - Atomiques : 6.
16:48 of 3rd period - Rickard Rakell wins face-off versus Lars Eller in neutral zone.
17:13 of 3rd period - Corey Trivino is hit by Dwight King and loses puck.
17:50 of 3rd period - Eric Mestery is hit by Marek Zagrapan.
18:18 of 3rd period - Minor Penalty to Bobby Farnham for Roughing.
18:19 of 3rd period - Lars Eller wins face-off versus Tyler Brenner in Atomiques zone.
18:26 of 3rd period - Snap shot by Nick Spaling.
18:26 of 3rd period - Shot Misses the Net.
18:28 of 3rd period - Slapshot by Nick Spaling.
18:28 of 3rd period - Goal by Nick Spaling - Staline : 2 - Atomiques : 6.
18:29 of 3rd period - Rickard Rakell wins face-off versus Lars Eller in neutral zone.
18:33 of 3rd period - Off-side.
18:34 of 3rd period - Rickard Rakell wins face-off versus Lars Eller in neutral zone.
19:03 of 3rd period - Backhand shot by Ryan Shannon.
19:03 of 3rd period - Stopped by Andrew Hammond without a rebound.
19:04 of 3rd period - Ryan Shannon wins face-off versus Corey Trivino in Staline zone.
19:36 of 3rd period - Snap shot by Rickard Rakell.
19:36 of 3rd period - Deflect By Brock McGinn.
19:36 of 3rd period - Shot Blocked by Cameron Gaunce.
19:36 of 3rd period - Puck is out of play.
19:37 of 3rd period - Lars Eller wins face-off versus Rickard Rakell in Staline zone.
Goals for this period are 1 for Staline vs 1 for Atomiques.
Shots for this period are 8 for Staline vs 15 for Atomiques.